 Dungeon Crawl Stone Soup version 0.25-a0-10-g2fe12d4386 (webtiles) character file.

Game seed: 17436167372720597706, levelgen mode: deterministic

164 Kohma the Sneak (level 5, -5/24 HPs)
             Began as a Spriggan Enchanter on Oct 15, 2019.
             Killed from afar by an orc wizard (9 damage)
             ... with a puff of flame
             ... on level 3 of the Dungeon.
             The game lasted 00:08:29 (3187 turns).

Kohma the Sneak (Spriggan Enchanter)                Turns: 3187, Time: 00:08:30

Health: -5/24      AC:  2    Str:  4    XL:     5   Next: 21%
Magic:  8/10       EV: 18    Int: 17    God:
Gold:   181        SH:  0    Dex: 17    Spells: 3/9 levels left

rFire    . . .     SeeInvis +   v - +2 short sword (venom)
rCold    . . .     Gourm    .   (shield restricted)
rNeg     . . .     Faith    .   j - +0 robe
rPois    .         Spirit   .   (helmet restricted)
rElec    .         Reflect  .   (no cloak)
rCorr    .         Harm     .   (gloves unavailable)
MR       .....                  (boots unavailable)
Stlth    ++........             (no amulet)
HPRegen  0.08/turn              (no ring)
MPRegen  0.12/turn              (no ring)

@: confused, very slightly contaminated, starving, very quick
A: very small, unfitting armour, see invisible, herbivore, speed 3, slow
metabolism 2
a: no special abilities


You were on level 3 of the Dungeon.
You were starving.

You visited 1 branch of the dungeon, and saw 4 of its levels.

You collected 181 gold pieces.

Inventory:

Hand Weapons
 a - a +1 dagger
 b - a +2 whip of electrocution
 v - a +2 short sword of venom (weapon)
Missiles
 k - 80 stones
 n - 66 poisoned darts (quivered)
Armour
 j - a +0 robe (worn)
Jewellery
 s - a cursed amulet of inaccuracy {unknown}
Scrolls
 c - 2 scrolls of remove curse {unknown}
 e - a scroll of noise {unknown}
 g - 2 scrolls of fear {unknown}
 h - a scroll of magic mapping {unknown}
 m - 6 scrolls of identify {unknown}
 t - a scroll of enchant weapon {unknown}
 w - 2 scrolls of teleportation {unknown}
 x - a scroll of amnesia {unknown}
Potions
 f - a potion of lignification {unknown}
 i - 2 potions of haste {unknown}
 l - a potion of curing {unknown}
 o - a potion of invisibility {unknown}
 p - a potion of mutation {unknown}
 q - a potion of ambrosia {unknown}
 r - a potion of flight {unknown}
 u - a potion of brilliance {unknown}
 z - a potion of agility {unknown}
Comestibles
 d - 3 rations


   Skills:
 + Level 4.0 Short Blades
 - Level 3.0 Dodging
 + Level 7.2 Stealth
 - Level 2.6 Spellcasting
 - Level 3.6 Hexes


You had 3 spell levels left.
You knew the following spells:

 Your Spells              Type           Power        Failure   Level  Hunger
a - Corona                Hex            ##.....      4%          1    #......
b - Ensorcelled Hibernat  Hex/Ice        #.....       13%         2    ##.....
c - Dazzling Spray        Conj/Hex       #.....       26%         3    ###....

Your spell library contained the following spells:

 Spells                   Type           Power        Failure   Level  Hunger
 Confuse                  Hex            ##......     12%         3    ###....
 Tukima's Dance           Hex            ##......     12%         3    ###....


Dungeon Overview and Level Annotations

Branches:
Dungeon (4/15)
 Temple: D:4-7

Altars:


Innate Abilities, Weirdness & Mutations

You are very small and have problems with some larger weapons.
You are too small for most types of armour.
You have supernaturally acute eyesight. (SInv)
You are a herbivore.
You cover ground extremely quickly.
You need to consume almost no food.


Message History

The orc wizard points at you and mumbles some strange words.
The puff of flame hits you.
You don't have the energy to cast that spell.
You closely miss the orc wizard. The orc hits you but does no damage.
The orc wizard hits you with a +0 dagger.
The orc barely misses you.
You closely miss the orc wizard. The orc hits you with a +0 short sword.
The orc wizard casts a spell at you.
You are confused.
You closely miss the orc. The orc hits you but does no damage.
The orc barely misses you. The orc wizard barely misses you.
You closely miss the orc wizard. The orc closely misses you.
The orc hits you with a +0 short sword.
The orc wizard points at you and mumbles some strange words.
The magic dart hits you!
* * * LOW HITPOINT WARNING * * *
You bump into the rock wall.
The orc hits you but does no damage.
The orc wizard points at you and mumbles some strange words.
The puff of flame hits you!
You die...

#.#.###.....###..# ##.#######
.<..#.##...##.#..# #.......##
#...'⌠.##.##.⌠'..#######.##.##.##
#.#.#...#'#...#............>...##
#.#.##...'...##..................
#....##.....##.........#.#...#.##
#.#...##.⌠.##....#####.#.....#.##
..#....##.##.....# #.#.......##
#####...#'#..#.o@# #.#.......##
#.#..'..##.o.# #.......#..#
#.##...###.o.# ###.....##'# ##
#.###.## #..)# ##.#####.# .# #.#
#.#####.## #....#8.8 .####.#
#.......# ####.##.#
......#####.##### #.##.#
.####.÷÷....###### #.#8.8 .#
#.#####.##...###########.##.#


You could see an orc wizard and 2 orcs.

Vanquished Creatures
  An orc priest (D:3)
  A centaur skeleton (D:3)
  A gnoll (D:1)
  3 adders
  A worm (D:3)
  2 dart slugs
  4 leopard geckos
  An orc (D:3)
  6 bats
  4 goblins
  6 hobgoblins
  13 jackals
  5 kobolds
  A ball python (D:3)
  5 frilled lizards
  7 rats
61 creatures vanquished.

Notes
Turn   | Place    | Note
-------+----------+-------------------------------------------
     0 | D:1      | Kohma the Spriggan Enchanter began the quest for the Orb.
     0 | D:1      | Reached XP level 1. HP: 9/9 MP: 5/5
   199 | D:1      | Reached XP level 2. HP: 11/13 MP: 4/6
   204 | D:1      | Reached skill level 5 in Stealth
   208 | D:1      | Learned a level 2 spell: Ensorcelled Hibernation
  1027 | D:1      | Reached XP level 3. HP: 16/16 MP: 5/8
  1704 | D:2      | Reached skill level 6 in Stealth
  1971 | D:2      | Reached XP level 4. HP: 21/21 MP: 9/9
  2963 | D:3      | Reached skill level 7 in Stealth
  3102 | D:3      | Learned a level 3 spell: Dazzling Spray
  3151 | D:3      | Reached XP level 5. HP: 24/24 MP: 7/10
  3187 | D:3      | Killed from afar by an orc wizard

Levels and vault maps discovered:
D:1:      nzn_arrival_depleted_hourglass, layout_basic
D:2:      layout_rooms
D:3:      layout_loops_cross, grunt_decor_arrowhead, dk_noncrumbling_2,
          minmay_unequal
D:4:      layout_basic

Skill      XL: |  1  2  3  4 |
---------------+-------------+-----
Stealth        | 5 6 7 |  7.2
Short Blades   | 2 3 4 |  4.0
Dodging        | |  3.0
Spellcasting   | |  2.6
Hexes          | |  3.6

Action                   |  1- 3 |  4- 6 || total
-------------------------+-------+-------++-------
Melee: Dagger            |    89 |     6 ||    95
       Whip              |     3 |       ||     3
       Short sword       |       |    35 ||    35
 Cast: Corona            |     7 |       ||     7
       Ensorcelled Hiber |    23 |    10 ||    33
 Stab: Sleeping          |    24 |    19 ||    43
Armor: Robe              |    18 |     4 ||    22
Dodge: Dodged            |    89 |    31 ||   120

Table legend:
 A = Non-vault XP
 B = Vault XP
 C = Vault XP percentage of total XP
 D = Non-vault monster count
 E = Vault monster count
 F = Vault count percentage of total count
                 A         B        C        D         E       F
            +---------+---------+-------+---------+---------+-------
      Total |     230 |       5 |   2.1 |      59 |       2 |   3.3
            +---------+---------+-------+---------+---------+-------
        D:1 |      59 |       0 |   0.0 |      27 |       0 |   0.0
        D:2 |      41 |       0 |   0.0 |      11 |       0 |   0.0
        D:3 |     130 |       5 |   3.7 |      21 |       2 |   8.7
            +---------+---------+-------+---------+---------+-------
